 Dungeon Crawl Stone Soup version 0.22.0-40-g68aacdc4c8 (webtiles) character file.

104 Bootz the Ducker (level 4, -4/35 HPs)
             Began as a Minotaur Arcane Marksman on Sept 1, 2018.
             Was an Initiate of Sif Muna.
             Slain by a worm (7 damage)
             ... on level 4 of the Dungeon.
             The game lasted 00:09:22 (2837 turns).

Bootz the Ducker (Minotaur Arcane Marksman)         Turns: 2837, Time: 00:09:23

Health: -4/35      AC:  2    Str: 16    XL:     4   Next: 52%
Magic:  13/13      EV: 13    Int: 10    God:    Sif Muna [......]
Gold:   194        SH:  0    Dex: 10    Spells: 4/5 levels left

rFire    . . .     SeeInvis .     - Unarmed
rCold    . . .     Gourm    .   (no shield)
rNeg     . . .     Faith    .   a - +0 robe
rPois    .         Spirit   .   (helmet restricted)
rElec    .         Reflect  .   (no cloak)
rCorr    .         Harm     .   (no gloves)
MR       .....                  (no boots)
Stlth    +.........             j - amulet of regeneration
HPRegen  0.51/turn              h - ring of magical power
MPRegen  0.13/turn              (no ring)

@: no status effects
A: retaliatory headbutt, horns 2
a: Renounce Religion


You were on level 4 of the Dungeon.
You worshipped Sif Muna.
Sif Muna was noncommittal.
You were not hungry.

You visited 1 branch of the dungeon, and saw 4 of its levels.

You collected 194 gold pieces.

Inventory:

Missiles
 c - 5 javelins (quivered)
 d - 2 throwing nets
Armour
 a - a +0 robe (worn)
Jewellery
 h - a ring of magical power (left hand)
 j - an amulet of regeneration (around neck)
 s - an uncursed amulet of harm {unknown}
Scrolls
 e - 2 scrolls of identify {unknown}
 g - 2 scrolls of remove curse
 k - 2 scrolls of teleportation {unknown}
 o - a scroll of immolation {unknown}
 p - a scroll of blinking {unknown}
Potions
 b - a potion of resistance {unknown}
 i - a potion of lignification {unknown}
 l - 3 potions of curing
 m - a potion of mutation {unknown}
 n - a potion of brilliance {unknown}
 r - a potion of degeneration {unknown}
Comestibles
 f - 3 rations
 t - a chunk of flesh


   Skills:
 + Level 1.5 Fighting
 + Level 2.3 Throwing
 + Level 3.2 Dodging
 + Level 0.4 Stealth
 + Level 1.4 Unarmed Combat
 + Level 1.0 Spellcasting
 + Level 2.7 Hexes


You had 4 spell levels left.
You knew the following spells:

 Your Spells              Type           Power        Failure   Level  Hunger
a - Corona                Hex            #......      11%         1    ##.....

Your spell library contained the following spells:

 Spells                   Type           Power        Failure   Level  Hunger
 Slow                     Hex            #.......     17%         2    ###....
 Inner Flame              Hex/Fire       #.......     52%         3    ####...
 Portal Projectile        Hex/Tloc       #.....       52%         3    ####...
 Cause Fear               Hex            #.........   73%         4    #####..
 Leda's Liquefaction      Hex/Erth       #.........   89%         4    #####..


Dungeon Overview and Level Annotations

Branches:
Dungeon (4/15)
 Temple: D:4-7

Altars:
Cheibriados
Nemelex Xobeh
Sif Muna


Innate Abilities, Weirdness & Mutations

You reflexively headbutt those who attack you in melee.
You have a pair of horns on your head.


Message History

Sif Muna accepts your kill.
A frilled lizard comes into view.
You barely miss the ogre.
You headbutt the ogre, but do no damage.
The ogre barely misses you.
You barely miss the ogre. You hit the ogre.
The ogre is lightly wounded.
The ogre hits you with a giant club!
You hit the ogre but do no damage. You headbutt the ogre!
The ogre is moderately wounded.
The ogre closely misses you. The worm bites you!
You hit the ogre. You headbutt the ogre.
The ogre is severely wounded.
The ogre hits you with a giant club!
* * * LOW HITPOINT WARNING * * *
You hit the ogre.
The ogre is severely wounded.
The worm bites you!
You die...

##### ###
.l...# ##@##
......##O#w##
##....###.#
.......#.#.##
.####..##w##
#§§##§#
#§§§w.#
#§##.# #§##.#


You could see an ogre and a worm.

Vanquished Creatures
  A hound (D:4)
  An adder (D:3)
  A worm (D:3)
  2 dart slugs
  3 leopard geckos (D:2)
  2 orcs (D:3)
  7 bats
  7 giant cockroaches
  7 goblins
  9 hobgoblins
  A quokka (D:3)
  3 frilled lizards
  2 kobolds
  6 rats
52 creatures vanquished.

Notes
Turn   | Place    | Note
-------+----------+-------------------------------------------
     0 | D:1      | Bootz the Minotaur Arcane Marksman began the quest for the Orb.
     0 | D:1      | Reached XP level 1. HP: 16/16 MP: 1/1
   374 | D:1      | Reached XP level 2. HP: 13/23 MP: 2/2
  1559 | D:2      | Reached XP level 3. HP: 28/28 MP: 3/3
  2211 | D:3      | Reached skill level 3 in Dodging
  2389 | D:3      | Found a glowing drain.
  2436 | D:3      | Found a snail-covered altar of Cheibriados.
  2446 | D:3      | Reached XP level 4. HP: 35/35 MP: 4/4
  2623 | D:3      | Reached skill level 1 in Unarmed Combat
  2675 | D:3      | Found a sparkling altar of Nemelex Xobeh.
  2738 | D:3      | Found a deep blue altar of Sif Muna.
  2741 | D:3      | Became a worshipper of Sif Muna the Loreminder
  2814 | D:4      | Noticed an ogre
  2837 | D:4      | Slain by a worm

Skill      XL: |  1  2  3  4 |
---------------+-------------+-----
Dodging        | 3 |  3.2
Unarmed Combat | 1 |  1.4
Fighting       | |  1.5
Throwing       | |  2.3
Stealth        | |  0.4
Spellcasting   | |  1.0
Hexes          | |  2.7

Action                   |  1- 3 |  4- 6 || total
-------------------------+-------+-------++-------
Melee: Unarmed           |   110 |    21 ||   131
       Headbutt          |    22 |     4 ||    26
  Use: Scroll            |     1 |     2 ||     3
  Eat: Ration            |     2 |       ||     2
       Chunk             |     1 |       ||     1
Armor: Robe              |    28 |     2 ||    30
Dodge: Dodged            |    94 |    16 ||   110
